| TOP OF THE 1ST |
|
Salt Lake City Buzz batting - Pitching for Spokane River Rats : RHP Jeff C D'Amico
|
|
Pitching: RHP Jeff C D'Amico
|
|
|
Batting: RHB Arquimedez Pozo
|
0-0: Fly out, F5 (Popup, 5SF, EV 90.0 MPH)
|
|
Batting: SHB Abraham O Nunez
|
0-0: Ball 1-0: Ground out U3 (Groundball, 3, EV 90.6 MPH)
|
|
Batting: RHB Jerome Walton
|
0-0: Ball 1-0: Ball 2-0: Ball 3-0: Called Strike 3-1: Ground out 6-3 (Groundball, 4MD, EV 109.4 MPH)
|
| Top of the 1st over - 0 runs, 0 hits, 0 errors, 0 left on base; Salt Lake City 0 - Spokane 0 |
| BOTTOM OF THE 1ST |
|
Spokane River Rats batting - Pitching for Salt Lake City Buzz : RHP Tyler Green
|
|
Pitching: RHP Tyler Green
|
|
|
Batting: SHB Chuck Carr
|
0-0: Ball 1-0: Bunt missed! 1-1: SINGLE (Groundball, 56D, EV 96.9 MPH)
|
|
Batting: LHB Andy Fox
|
0-0: Ball 1-0: SINGLE (Groundball, 4, EV 106.9 MPH) (infield hit) Chuck Carr to second
|
|
Batting: LHB Michael Tucker
|
0-0: Called Strike Chuck Carr steals 3rd base Andy Fox to second 0-1: SINGLE (Groundball, 6MD, EV 94.4 MPH) Chuck Carr scores Andy Fox to third
|
|
Batting: SHB Gene Kingsale
|
0-0: Foul Ball, location: 2F 0-1: Foul Ball, location: 2F 0-2: Ball 1-2: Foul Ball, location: 2F 1-2: Foul Ball, location: 2F 1-2: Ball 2-2: Strikes out looking
|
|
Batting: RHB Tony Rodriguez
|
0-0: Called Strike 0-1: Ball 1-1: Swinging Strike 1-2: Strikes out swinging
|
|
Batting: SHB Luis M. Lopez
|
0-0: Called Strike 0-1: Ball 1-1: Foul Ball, location: 2F 1-2: Fielders Choice at 2nd, 6-4 (Groundball, 6, EV 78.8 MPH)
|
| Bottom of the 1st over - 1 run, 3 hits, 0 errors, 2 left on base; Salt Lake City 0 - Spokane 1 |
| TOP OF THE 2ND |
|
Salt Lake City Buzz batting - Pitching for Spokane River Rats : RHP Jeff C D'Amico
|
|
Batting: RHB Dave Staton
|
0-0: Ball 1-0: Swinging Strike 1-1: Swinging Strike 1-2: Ball 2-2: Strikes out swinging
|
|
Batting: RHB Brian Johnson
|
0-0: Called Strike 0-1: Foul Ball, location: 2F 0-2: Strikes out looking
|
|
Batting: RHB Emil Brown
|
0-0: Ball 1-0: Called Strike 1-1: Ball 2-1: Foul Ball, location: 2F 2-2: Ground out 6-3 (Groundball, 6, EV 108.8 MPH)
|
| Top of the 2nd over - 0 runs, 0 hits, 0 errors, 0 left on base; Salt Lake City 0 - Spokane 1 |
| BOTTOM OF THE 2ND |
|
Spokane River Rats batting - Pitching for Salt Lake City Buzz : RHP Tyler Green
|
|
Batting: RHB Jose Lind
|
0-0: Ground out 2-3 (Groundball, 15S, EV 70.0 MPH)
|
|
Batting: LHB Eric Helfand
|
0-0: Foul Ball, location: 2F 0-1: Ball 1-1: Ball 2-1: Ball 3-1: Called Strike 3-2: Base on Balls
|
|
Batting: SHB Doug Brady
|
0-0: Called Strike 0-1: Ball 1-1: Swinging Strike 1-2: Strikes out looking
|
|
Batting: SHB Chuck Carr
|
0-0: Fielders Choice at 2nd, 5-4 (Groundball, 56, EV 82.5 MPH)
|
| Bottom of the 2nd over - 0 runs, 0 hits, 0 errors, 1 left on base; Salt Lake City 0 - Spokane 1 |
| TOP OF THE 3RD |
|
Salt Lake City Buzz batting - Pitching for Spokane River Rats : RHP Jeff C D'Amico
|
|
Batting: RHB Jose Oliva
|
0-0: Called Strike 0-1: Foul Ball, location: 2F 0-2: Ball 1-2: Strikes out looking
|
|
Batting: SHB Reggie B. Williams
|
0-0: Ball 1-0: Ball 2-0: Ball 3-0: Called Strike 3-1: Base on Balls
|
|
Batting: RHB Sal Fasano
|
0-0: Called Strike 0-1: Fielders Choice at 2nd, 1-4 (Groundball, 15, EV 82.5 MPH)
|
|
Batting: RHB Arquimedez Pozo
|
0-0: Ball 1-0: Called Strike 1-1: Ball 2-1: Swinging Strike 2-2: Ball 3-2: Strikes out swinging
|
| Top of the 3rd over - 0 runs, 0 hits, 0 errors, 1 left on base; Salt Lake City 0 - Spokane 1 |
| BOTTOM OF THE 3RD |
|
Spokane River Rats batting - Pitching for Salt Lake City Buzz : RHP Tyler Green
|
|
Batting: LHB Andy Fox
|
0-0: Fly out, F7 (Flyball, 7S, EV 83.1 MPH)
|
|
Batting: LHB Michael Tucker
|
0-0: Ball 1-0: Foul Ball, location: 2F 1-1: Foul Ball, location: 2F 1-2: DOUBLE (Flyball, 8RXD, EV 90.6 MPH)
|
|
Batting: SHB Gene Kingsale
|
0-0: SINGLE (Line Drive, 89S, EV 94.4 MPH) Michael Tucker to third Runner from 3rd tries for Home, SAFE, no throw by RF
|
|
Batting: RHB Tony Rodriguez
|
0-0: Ball 1-0: Ball 2-0: SINGLE (Groundball, 56D, EV 106.9 MPH) Gene Kingsale to second
|
|
Batting: SHB Luis M. Lopez
|
0-0: Foul Ball, location: 2F 0-1: Ball Gene Kingsale is caught stealing 3rd base 2-5 1-1: Ball 2-1: Fielders Choice at 2nd, 6-4 (Groundball, 4M, EV 79.4 MPH)
|
| Bottom of the 3rd over - 1 run, 3 hits, 0 errors, 1 left on base; Salt Lake City 0 - Spokane 2 |
| TOP OF THE 4TH |
|
Salt Lake City Buzz batting - Pitching for Spokane River Rats : RHP Jeff C D'Amico
|
|
Batting: SHB Abraham O Nunez
|
0-0: Called Strike 0-1: Foul Ball, location: 2F 0-2: Strikes out looking
|
|
Batting: RHB Jerome Walton
|
0-0: Ball 1-0: SINGLE (Line Drive, 7S, EV 91.9 MPH)
|
|
Batting: RHB Dave Staton
|
0-0: Ball 1-0: Grounds into double play, 4-6-3 (Groundball, 4, EV 100.0 MPH)
|
| Top of the 4th over - 0 runs, 1 hit, 0 errors, 0 left on base; Salt Lake City 0 - Spokane 2 |
| BOTTOM OF THE 4TH |
|
Spokane River Rats batting - Pitching for Salt Lake City Buzz : RHP Tyler Green
|
|
Batting: RHB Jose Lind
|
0-0: Called Strike 0-1: Swinging Strike 0-2: Ground out 4-3 (Groundball, 4, EV 82.5 MPH)
|
|
Batting: LHB Eric Helfand
|
0-0: Ground out U3 (Groundball, 34S, EV 92.5 MPH)
|
|
Batting: SHB Doug Brady
|
0-0: Ball 1-0: Called Strike 1-1: Ball 2-1: Foul Ball, location: 2F 2-2: Ball 3-2: Base on Balls
|
|
Batting: SHB Chuck Carr
|
0-0: Ground out U3 (Groundball, 34, EV 84.4 MPH)
|
| Bottom of the 4th over - 0 runs, 0 hits, 0 errors, 1 left on base; Salt Lake City 0 - Spokane 2 |
| TOP OF THE 5TH |
|
Salt Lake City Buzz batting - Pitching for Spokane River Rats : RHP Jeff C D'Amico
|
|
Batting: RHB Brian Johnson
|
0-0: Ball 1-0: Ball 2-0: Swinging Strike 2-1: Ground out 6-3 (Groundball, 6, EV 109.4 MPH)
|
|
Batting: RHB Emil Brown
|
0-0: Called Strike 0-1: Ball 1-1: Called Strike 1-2: Ball 2-2: Strikes out looking
|
|
Batting: RHB Jose Oliva
|
0-0: Ball 1-0: Called Strike 1-1: Ball 2-1: Foul Ball, location: 2F 2-2: Ball 3-2: Fly out, F7 (Flyball, 7, EV 91.3 MPH)
|
| Top of the 5th over - 0 runs, 0 hits, 0 errors, 0 left on base; Salt Lake City 0 - Spokane 2 |
| BOTTOM OF THE 5TH |
|
Spokane River Rats batting - Pitching for Salt Lake City Buzz : RHP Tyler Green
|
|
Batting: LHB Andy Fox
|
0-0: Called Strike 0-1: Ball 1-1: Ball 2-1: Foul Ball, location: 2F 2-2: Ball 3-2: Base on Balls
|
|
Batting: LHB Michael Tucker
|
0-0: Fly out, F7 (Line Drive, 7, EV 90.0 MPH)
|
|
Batting: SHB Gene Kingsale
|
0-0: Ball 1-0: Ball 2-0: Called Strike 2-1: Called Strike 2-2: Ball 3-2: Strikes out swinging
|
|
Batting: RHB Tony Rodriguez
|
0-0: Ball 1-0: Fly out, F8 (Flyball, 8RS, EV 90.6 MPH)
|
| Bottom of the 5th over - 0 runs, 0 hits, 0 errors, 1 left on base; Salt Lake City 0 - Spokane 2 |
| TOP OF THE 6TH |
|
Salt Lake City Buzz batting - Pitching for Spokane River Rats : RHP Jeff C D'Amico
|
|
Batting: SHB Reggie B. Williams
|
0-0: Swinging Strike 0-1: Foul Ball, location: 2F 0-2: Strikes out swinging, 2-3 out at first.
|
|
Batting: RHB Sal Fasano
|
0-0: Called Strike 0-1: Ball 1-1: Foul Ball, location: 2F 1-2: Fly out, F7 (Flyball, 7D, EV 87.5 MPH)
|
|
Batting: RHB Arquimedez Pozo
|
0-0: Ball 1-0: Ball 2-0: Called Strike 2-1: Called Strike 2-2: Fly out, F9 (Flyball, 9, EV 88.8 MPH)
|
| Top of the 6th over - 0 runs, 0 hits, 0 errors, 0 left on base; Salt Lake City 0 - Spokane 2 |
| BOTTOM OF THE 6TH |
|
Spokane River Rats batting - Pitching for Salt Lake City Buzz : RHP Tyler Green
|
|
Batting: SHB Luis M. Lopez
|
0-0: Ball 1-0: Called Strike 1-1: Ball 2-1: Ball 3-1: Called Strike 3-2: Foul Ball, location: 2F 3-2: Base on Balls
|
|
Batting: RHB Jose Lind
|
0-0: Bunted foul 0-1: Ball 1-1: Bunt missed! 1-2: Foul Ball, location: 2F 1-2: Ball 2-2: Fly out, F8 (Flyball, 8LM, EV 81.9 MPH)
|
|
Batting: LHB Eric Helfand
|
0-0: Called Strike 0-1: Grounds into double play, 5-4-3 (Groundball, 5, EV 82.5 MPH)
|
| Bottom of the 6th over - 0 runs, 0 hits, 0 errors, 0 left on base; Salt Lake City 0 - Spokane 2 |
| TOP OF THE 7TH |
|
Salt Lake City Buzz batting - Pitching for Spokane River Rats : RHP Jeff C D'Amico
|
|
Batting: SHB Abraham O Nunez
|
0-0: Called Strike 0-1: Ball 1-1: Foul Ball, location: 2F 1-2: Fly out, F9 (Flyball, 9LS, EV 86.3 MPH)
|
|
Batting: RHB Jerome Walton
|
0-0: Called Strike 0-1: Ball 1-1: Ball 2-1: Foul Ball, location: 2F 2-2: SINGLE (Groundball, 34D, EV 101.9 MPH)
|
|
Batting: RHB Dave Staton
|
0-0: Called Strike 0-1: Ball 1-1: Ball 2-1: Fly out, F7 (Flyball, 78M, EV 80.6 MPH)
|
|
Batting: RHB Brian Johnson
|
0-0: Ball 1-0: Ground out 5-3 (Groundball, 56S, EV 65.0 MPH)
|
| Top of the 7th over - 0 runs, 1 hit, 0 errors, 1 left on base; Salt Lake City 0 - Spokane 2 |
| BOTTOM OF THE 7TH |
|
Spokane River Rats batting - Pitching for Salt Lake City Buzz : RHP Tyler Green
|
|
Batting: SHB Doug Brady
|
0-0: Ball 1-0: Foul Ball, location: 2F 1-1: Ball 2-1: Swinging Strike 2-2: Fly out, F7 (Flyball, 78D, EV 104.4 MPH)
|
|
Batting: SHB Chuck Carr
|
0-0: Ball 1-0: Foul Ball, location: 2F 1-1: Foul Ball, location: 2F 1-2: Ball 2-2: Ground out 1-3 (Groundball, 13, EV 70.6 MPH)
|
|
Batting: LHB Andy Fox
|
0-0: Foul Ball, location: 2F 0-1: Ball 1-1: Swinging Strike 1-2: Strikes out swinging
|
| Bottom of the 7th over - 0 runs, 0 hits, 0 errors, 0 left on base; Salt Lake City 0 - Spokane 2 |
| TOP OF THE 8TH |
|
Salt Lake City Buzz batting - Pitching for Spokane River Rats : RHP Jeff C D'Amico
|
|
Batting: RHB Emil Brown
|
0-0: Ball 1-0: SINGLE (Line Drive, 7S, EV 93.1 MPH)
|
|
Batting: RHB Jose Oliva
|
0-0: Fly out, F8 (Line Drive, 8RM, EV 96.3 MPH)
|
|
Batting: SHB Reggie B. Williams
|
0-0: Called Strike 0-1: Swinging Strike 0-2: Foul Ball, location: 2F 0-2: Reached on error, E8 (Flyball, 8RS, EV 88.1 MPH) Emil Brown to second
|
|
Batting: RHB Sal Fasano
|
0-0: Ball 1-0: Ball 2-0: Called Strike 2-1: Ball 3-1: Foul Ball, location: 2F 3-2: Foul Ball, location: 2F 3-2: Strikes out swinging
|
|
Pitching: LHP Mike Magnante
|
|
|
Batting: RHB Arquimedez Pozo
|
0-0: Ball 1-0: Called Strike 1-1: Ball 2-1: Ball 3-1: Fly out, F8 (Flyball, 8LM, EV 90.6 MPH)
|
| Top of the 8th over - 0 runs, 1 hit, 1 error, 2 left on base; Salt Lake City 0 - Spokane 2 |
| BOTTOM OF THE 8TH |
|
Spokane River Rats batting - Pitching for Salt Lake City Buzz : RHP Tyler Green
|
|
Pitching: RHP Donnie Elliott
|
|
|
Batting: LHB Michael Tucker
|
0-0: Fly out, F5 (Popup, 56S, EV 66.9 MPH)
|
|
Batting: SHB Gene Kingsale
|
0-0: Ball 1-0: Swinging Strike 1-1: Ground out 4-3 (Groundball, 4, EV 89.4 MPH)
|
|
Batting: RHB Tony Rodriguez
|
0-0: Called Strike 0-1: Ball 1-1: Called Strike 1-2: Ground out 5-3 (Groundball, 56S, EV 83.1 MPH)
|
| Bottom of the 8th over - 0 runs, 0 hits, 0 errors, 0 left on base; Salt Lake City 0 - Spokane 2 |
| TOP OF THE 9TH |
|
Salt Lake City Buzz batting - Pitching for Spokane River Rats : LHP Mike Magnante
|
|
Pitching: LHP Matt Whisenant
|
|
|
Batting: SHB Abraham O Nunez
|
0-0: Ball 1-0: Ball 2-0: Swinging Strike 2-1: Ball 3-1: Base on Balls
|
|
Batting: RHB Jerome Walton
|
0-0: Called Strike 0-1: Ball 1-1: Fly out, F9 (Flyball, 9, EV 88.1 MPH)
|
|
Batting: RHB Dave Staton
|
0-0: Called Strike 0-1: SINGLE (Groundball, 4MD, EV 95.6 MPH) Abraham O Nunez to second
|
|
Batting: RHB Brian Johnson
|
0-0: Ball 1-0: Ball 2-0: Called Strike 2-1: Swinging Strike 2-2: Ball 3-2: Strikes out swinging
|
|
Batting: RHB Emil Brown
|
0-0: Foul Ball, location: 2F 0-1: Called Strike 0-2: Ball 1-2: 3-RUN HOME RUN (Flyball, 7D, EV 104.4 MPH), Distance : 368 ft
|
|
Batting: RHB Jose Oliva
|
0-0: Fly out, F8 (Flyball, 8LM, EV 82.5 MPH)
|
| Top of the 9th over - 3 runs, 2 hits, 0 errors, 0 left on base; Salt Lake City 3 - Spokane 2 |
| BOTTOM OF THE 9TH |
|
Spokane River Rats batting - Pitching for Salt Lake City Buzz : RHP Donnie Elliott
|
|
Pitching: LHP Paul Spoljaric
|
|
|
Now at 2B: Shane Andrews
|
|
|
Batting: SHB Luis M. Lopez
|
0-0: Ball 1-0: Called Strike 1-1: Swinging Strike 1-2: Ball 2-2: Strikes out swinging
|
|
Pinch Hitting: RHB Billy Ashley
|
0-0: Ball 1-0: Ball 2-0: Foul Ball, location: 2F 2-1: Fly out, F9 (Flyball, 9S, EV 72.5 MPH)
|
|
Pinch Hitting: LHB John Mabry
|
0-0: Ball 1-0: Ball 2-0: Ground out 4-3 (Groundball, 34, EV 103.8 MPH)
|
| Bottom of the 9th over - 0 runs, 0 hits, 0 errors, 0 left on base; Salt Lake City 3 - Spokane 2 |
|